 Dungeon Crawl Stone Soup version 0.31.0-11-ge490571c62 (webtiles) character file.

Game seed: 12588130573201912822

35 inmateoo the Slasher (level 3, -20/28 HPs)
             Began as a Formicid Gladiator on Jan 27, 2024.
             Engulfed by a cloud of flame (21 damage)
             ... on level 1 of the Dungeon.
             The game lasted 00:01:12 (884 turns).

inmateoo the Slasher (Formicid Gladiator)            Turns: 884, Time: 00:01:12

Health: -20/28     AC:  5    Str: 20    XL:     3   Next: 55%
Magic:  3/3        EV: 12    Int:  7    God:
Gold:   17         SH:  0    Dex: 15    Spells: 2/2 levels left

rFire   . . .        a - +0 long sword
rCold   . . .        (no shield)
rNeg    . . .        h - +0 ring mail
rPois   .            (helmet unavailable)
rElec   .            (no cloak)
rCorr   .            (no gloves)
SInv    +            (no boots)
Will    .....        (no amulet)
Stlth   +            (no ring)
HPRegen 0.24/turn    (no ring)
MPRegen 0.08/turn

%: no passive effects
@: no status effects
A: permanent stasis, dig shafts and tunnels, antennae 3, four strong arms
a: Dig, Shaft Self


You were on level 1 of the Dungeon.
You visited 1 branch of the dungeon, and saw 1 of its levels.

You collected 17 gold pieces.

Inventory:

Hand Weapons
 a - a +0 long sword (weapon)
Missiles
 c - 3 throwing nets (quivered)
 d - a javelin
Armour
 h - a +0 ring mail (worn)
Potions
 b - a potion of curing
 e - a potion of invisibility {unknown}
 j - a potion of might {unknown}


   Skills:
 + Level 2.6 Fighting
 * Level 3.6 Long Blades
 - Level 2.0 Throwing
 + Level 1.1 Armour
 + Level 3.0 Dodging


You had 2 spell levels left.
You didn't know any spells.
Your spell library was empty.

Dungeon Overview and Level Annotations

Branches:
Dungeon (1/15)

Altars:


Innate Abilities, Weirdness & Mutations

You cannot be hasted, slowed, berserked, paralysed or teleported.
You can dig through walls and to a lower floor.
You have a pair of large antennae on your head. (SInv)
Your four strong arms can wield two-handed weapons with a shield.


Message History

No target in view!
No target in view!
There is a stone staircase leading down here.
You open the door.
There is an open door here.
Done exploring.
No target in view!
Done exploring.
No target in view!
Done exploring.
No target in view!
Done exploring.
As you read the scroll labelled ZUNUGU SEUSH, it crumbles to dust.
It is a scroll of identify.
b - a potion of curing The air fills with toxic fumes!
As you read the scroll labelled GEIC GOFOXIU, it crumbles to dust.
It was a scroll of poison.
As you read the scroll labelled ZAQIEHOQUM, it crumbles to dust.
Wisps of shadow whirl around you...
It was a scroll of summoning.
As you read the scroll labelled DOHOAMIEMA, it crumbles to dust.
The creatures around you are filled with an inner flame!
It was a scroll of immolation.
Your ball python is engulfed in poison gas.
Your ball python is poisoned.
Flame seeps out of your ball python.
Your rat is engulfed in poison gas.
Your rat is poisoned.
Your rat's corpse dissolves into shadows!
Your rat explodes!
You start waiting.
Your ball python is engulfed in poison gas.
Your ball python looks even sicker.
Your ball python's corpse dissolves into shadows!
Your ball python explodes!
The fiery explosion engulfs you!!
Ouch! That really hurt!
* * * LOW HITPOINT WARNING * * *
You are engulfed in blazing flames.
Ouch! That really hurt!
You die...

#.# ## #.# #
#####.##### ##
#.........###.
#.###.###.##..
#.#.....#.#...
#.#.§...#.....
#####§§§§.........
#@§§§§§§§...#.....
#§###§#§§...#.#...
#§# #.....###.##..
#§###.........###.
#§§.......##### ##
#####.##### # #.#
# #.# #########
#.# #.......>


There were no monsters in sight!

Vanquished Creatures
  2 dart slugs (D:1)
  A ball python (D:1)
  2 endoplasms (D:1)
  A giant cockroach (D:1)
  A hobgoblin (D:1)
  2 jackals (D:1)
  4 quokkas (D:1)
  A bat (D:1)
  A frilled lizard (D:1)
  5 goblins (D:1)
  3 kobolds (D:1)
  6 rats (D:1)
29 creatures vanquished.

Notes
Turn   | Place    | Note
-------+----------+-------------------------------------------
     0 | D:1      | inmateoo the Formicid Gladiator began the quest for the
                  | Orb.
     0 | D:1      | Reached XP level 1. HP: 16/16 MP: 1/1
    72 | D:1      | Reached XP level 2. HP: 19/23 MP: 2/2
   316 | D:1      | Reached XP level 3. HP: 27/28 MP: 3/3
   317 | D:1      | Reached skill level 1 in Armour
   883 | D:1      | HP: 1/28 [spore (27)]
   884 | D:1      | Engulfed by a cloud of flame

Illustrated notes

Levels and vault maps discovered:
D:1:      giann_bridges, layout_loops_corners

Skill      XL: |  1  2  3 |
---------------+----------+-----
Armour         | 1 |  1.1
Dodging        | 3 |  3.0
Fighting       | |  2.6
Long Blades    | |  3.6
Throwing       | |  2.0

Action                     || total
---------------------------++-------
  Melee: Long sword        ||    85
         Punch             ||     2
    Use: Scroll            ||     4
 Armour: Leather armour    ||    37
         Ring mail         ||    13
  Dodge: Dodged            ||    61
